 Dungeon Crawl Stone Soup version 0.30-a0-782-ge64f9170bb (webtiles) character file.

Game seed: 9784738686667120724

36 Leeroy the Slasher (level 3, -1/19 HPs)
             Began as a Vine Stalker Monk on Mar 7, 2023.
             Slain by a goblin
             ... wielding a +0 club
             ... led by Robin
              (2 damage)
             ... on level 2 of the Dungeon.
             The game lasted 00:01:22 (836 turns).

Leeroy the Slasher (Vine Stalker Monk)               Turns: 836, Time: 00:01:23

Health: -1/19      AC:  2    Str: 13    XL:     3   Next: 37%
Magic:  0/4        EV: 13    Int: 10    God:
Gold:   49         SH:  0    Dex: 18    Spells: 2/2 levels left

rFire   . . .      SeeInvis .    a - +0 falchion
rCold   . . .      Faith    .    (no shield)
rNeg    . . .      Spirit   +    b - +0 robe
rPois   +          Reflect  .    (no helmet)
rElec   .          Harm     .    (no cloak)
rCorr   .          Rampage  .    (no gloves)
Will    .....                    (no boots)
Stlth   ++                       (no amulet)
HPRegen 0.23/turn                d - ring of poison resistance
MPRegen 0.09/turn                (no ring)

@: no status effects
A: fangs 2, magic shield, antimagic bite, no potion heal 2
a: no special abilities


You were on level 2 of the Dungeon.
You visited 1 branch of the dungeon, and saw 2 of its levels.

You collected 49 gold pieces.

Inventory:

Hand Weapons
 a - a +0 falchion (weapon)
Missiles
 m - 5 javelins (quivered)
Armour
 b - a +0 robe (worn)
Jewellery
 d - a ring of poison resistance (left hand)
 e - an amulet of reflection
 p - a ring of positive energy
Scrolls
 f - a scroll of immolation {unknown}
 g - a scroll of amnesia {unknown}
 i - a scroll of fear {unknown}
 k - a scroll of fog {unknown}
 l - a scroll of magic mapping {unknown}
 n - a scroll of teleportation {unknown}
 o - a scroll of poison {unknown}
Potions
 c - a potion of ambrosia
 h - 2 potions of invisibility {unknown}
 j - a potion of berserk rage {unknown}


   Skills:
 - Level 2.6 Fighting
 + Level 4.0 Long Blades
 - Level 2.4 Dodging
 - Level 2.4 Stealth


You had 2 spell levels left.
You didn't know any spells.
Your spell library contained the following spells:

 Spells                   Type           Power      Damage    Failure   Level
 Ensorcelled Hibernation  Hex/Ice        0%         N/A       50%         2
 Passwall                 Tmut/Erth      0%         N/A       50%         2
 Swiftness                Air            0%         N/A       75%         3


Dungeon Overview and Level Annotations

Branches:
Dungeon (2/15)

Altars:

Annotations:
D:2 Robin


Innate Abilities, Weirdness & Mutations

You have extremely sharp teeth.
When hurt, damage is shared between your health and your magic reserves.
Your bite disrupts and absorbs the magic of your enemies.
Potions cannot restore your health.


Message History

You barely miss the goblin. The goblin barely misses you.
You hit the goblin. You bite the goblin.
You kill the goblin!
The goblin hits you with a +0 club. The goblin attacks as you move away!
The goblin barely misses you. The goblin attacks as you move away!
The goblin hits you with a +0 club. Robin throws the goblin at you!
You barely miss the goblin. You bite the goblin. You drain its power.
You feel invigorated.
The goblin is heavily wounded.
The goblin closely misses you.
The goblin shoots a sling bullet.
The sling bullet hits you.
You closely miss the goblin. Your bite misses the goblin.
The goblin is heavily wounded.
The goblin hits you with a +0 club.
* * * LOW HITPOINT WARNING * * *
The goblin misses you.
The goblin shoots a sling bullet.
The sling bullet closely misses you.
You slash the goblin!
You kill the goblin!
The goblin hits you with a +0 club.
* * * LOW HITPOINT WARNING * * *
The goblin hits you with a +0 club.
* * * LOW HITPOINT WARNING * * *
A goblin comes into view. It is wielding a +0 club.
The frilled lizard closely misses you.
Your Long Blades skill increases to level 4!
The frilled lizard attacks as you move away!
The frilled lizard misses you.
The goblin shoots a sling bullet.
The sling bullet barely misses you.
Robin roars a battlecry!
The goblin goes into a battle-frenzy!
The goblin shouts!
You hear a shout!
Items here: )) ††.
The goblin attacks as you move away! The goblin barely misses you.
The goblin no longer looks unusually strong.
There is a stone staircase leading down here.
The goblin hits you with a +0 club.
You die...

### #####.##
.......#####
.......<...#####
#####.##........
########@.......... #
#......lg...#######
##.#.######)###### .
#...g).)g)g.##...## ..
#..#.###ggg.#..#..#..#


gg.. #!# #.##...###...## .g.. ..# #.##....#..# ### .### #.#####...## #. ..!
##.## You could see a hobgoblin (strong), 2 goblins and a frilled lizard.

Vanquished Creatures
  3 ball pythons (D:1)
  5 endoplasms
  A giant cockroach (D:1)
  7 goblins
  4 hobgoblins
  2 bats (D:1)
  2 frilled lizards
  4 kobolds (D:1)
  5 rats (D:1)
33 creatures vanquished.

Vanquished Creatures (others)
  A goblin (D:2)
1 creature vanquished.

Grand Total: 34 creatures vanquished

Notes
Turn   | Place    | Note
-------+----------+-------------------------------------------
     0 | D:1      | Leeroy the Vine Stalker Monk began the quest for the Orb.
     0 | D:1      | Reached XP level 1. HP: 11/11 MP: 2/2
   115 | D:1      | Reached skill level 3 in Long Blades
   159 | D:1      | Reached XP level 2. HP: 15/16 MP: 3/3
   188 | D:1      | You fall into a shaft and drop 1 floor!
   679 | D:1      | Reached XP level 3. HP: 19/19 MP: 4/4
   816 | D:2      | Noticed Robin
   833 | D:2      | Reached skill level 4 in Long Blades
   836 | D:2      | Slain by a goblin

Illustrated notes

Levels and vault maps discovered:
D:1:      spicycebolla_arrival_ecumenical, layout_rooms, minmay_misc_feat_iff
D:2:      layout_loops_ring, kennysheep_big_empty_room, minmay_strange_pillars,
          uniq_robin

Skill      XL: |  1  2  3 |
---------------+----------+-----
Long Blades    | 3 4 |  4.0
Fighting       | |  2.6
Dodging        | |  2.4
Stealth        | |  2.4

Action                     || total
---------------------------++-------
  Melee: Falchion          ||    67
         Bite              ||    12
   Stab: Sleeping          ||     1
 Armour: Robe              ||     6
  Dodge: Dodged            ||    44

Table legend: (Time is in decaauts)
 A = Elapsed time spent in this place.
 B = Non-inter-level travel time spent in this place.
 C = Inter-level travel time spent in this place.
 D = Time resting spent in this place.
 E = Time spent auto-exploring this place.
 F = Levels seen in this place.
 G = Mean time per level.
                   A        B        C        D        E       F      G
               +--------+--------+--------+--------+--------+-----+--------+
         Total |    844 |    820 |     24 |      0 |    544 |   2 |  422.0 |
       Dungeon |    844 |    820 |     24 |      0 |    544 |   2 |  422.0 |
               +--------+--------+--------+--------+--------+-----+--------+

Top non-repeatable levels by time:
     D:1: 602 daAuts
     D:2: 241 daAuts
